 Dungeon Crawl Stone Soup version 0.28-a0-1199-gef9e1dbd39 (webtiles) character file.

Game seed: 814563774508332074

18426 jlumianski the Basher (level 12, -10/75 HPs)
             Began as a Gargoyle Monk on Dec 19, 2021.
             Was an Elder of Makhleb.
             Mangled by a skeletal warrior (29 damage)
             ... led by a skeletal warrior
             ... on level 11 of the Dungeon on Dec 20, 2021.
             The game lasted 00:47:53 (12128 turns).

jlumianski the Basher (Gargoyle Monk)              Turns: 12128, Time: 00:47:54

Health: -10/75     AC: 19    Str: 19    XL:     12   Next: 58%
Magic:  19/19      EV: 13    Int: 12    God:    Makhleb [****..]
Gold:   333        SH: 13    Dex: 14    Spells: 11/11 levels left

rFire   . . .      SeeInvis .   x - +11 flail "Cisockit" {drain, Dex+2}
rCold   . . .      Faith    .   e - +2 buckler {AC+3}
rNeg    + . .      Spirit   .   C - quicksilver dragon scales
rPois   ∞          Reflect  +   (helmet restricted)
rElec   +          Harm     .   (no cloak)
rCorr   .          Rampage  .   (no gloves)
Will    +....                   (no boots)
Stlth   ++........              p - amulet of reflection
HPRegen 0.22/turn               (no ring)
MPRegen 0.16/turn               (no ring)

@: no status effects
A: sickness immunity, AC +8, negative energy resistance 1, electricity
resistance, torment resistance 1, petrification resistance, antennae 1, deformed
body, wild magic 1
a: Renounce Religion, Minor Destruction, Lesser Servant of Makhleb, Major
Destruction


You were on level 11 of the Dungeon.
You worshipped Makhleb.
Makhleb was greatly pleased with you.
You visited 1 branch of the dungeon, and saw 12 of its levels.

You collected 768 gold pieces.
You spent 435 gold pieces at shops.

Inventory:

Hand Weapons
 x - the +11 flail "Cisockit" (weapon) {drain, Dex+2}
   (You found it on level 4 of the Dungeon)

   A truly terrible weapon, it drains the life of any living foe it strikes.
   Dex:       It affects your dexterity (+2).
Missiles
 j - 9 boomerangs
 m - 12 poisoned darts (quivered)
 u - 95 bolts
 v - 2 curare-tipped darts
 z - 2 atropa-tipped darts
Armour
 b - the +3 leather armour "Anaan" {+Blink rPois rF+}
   (You found it on level 12 of the Dungeon)

   rF:        It protects you from fire.
   rPois:     It protects you from poison.
   +Blink:    It lets you blink.
 e - a +2 buckler of protection (worn)
 C - quicksilver dragon scales (worn)
 F - the +3 chain mail "Weyj" {rC- rCorr SInv}
   (You bought it in a shop on level 6 of the Dungeon)

   rC:        It makes you vulnerable to cold.
   SInv:      It lets you see invisible.
   rCorr:     It protects you from acid and corrosion.
Jewellery
 d - the ring of Biacseja {rPois rC+}
   (You took it off a deep elf pyromancer on level 12 of the Dungeon)

   [ring of poison resistance]

   rC:        It protects you from cold.
   rPois:     It protects you from poison.
 n - an amulet of magic regeneration
 p - an amulet of reflection (around neck)
 J - a ring of protection from cold
 K - a ring of fire
 O - a ring of resist corrosion
Wands
 a - a wand of acid (5)
 g - a wand of mindburst (3)
 q - a wand of digging (19)
 H - a wand of iceblast (18)
 P - a wand of flame (11)
Scrolls
 c - 4 scrolls of teleportation
 f - a scroll of torment
 l - a scroll of enchant weapon {unknown}
 I - a scroll of fog
 L - 2 scrolls of blinking
 Q - a scroll of immolation
Potions
 h - 8 potions of curing
 i - 4 potions of heal wounds
 k - 2 potions of might
 s - a potion of flight
 A - a potion of berserk rage
 E - a potion of lignification


   Skills:
 + Level 8.7 Fighting
 + Level 3.5 Long Blades
 + Level 3.2(7.4) Axes
 + Level 11.3(11.6) Maces & Flails
 + Level 6.8 Armour
 + Level 5.7 Dodging
 + Level 3.9 Stealth
 + Level 7.7 Shields
 * Level 9.8 Invocations


You had 11 spell levels left.
You didn't know any spells.
Your spell library contained the following spells:

 Spells                   Type           Power      Damage    Failure   Level
 Freeze                   Ice            0%         1d3       56%         1
 Pain                     Necr           0%         1d4       56%         1
 Frozen Ramparts          Ice            0%         1d2       89%         3
 Hailstorm                Conj/Ice       0%         3d3       99%         4
 Olgreb's Toxic Radiance  Pois           0%         N/A       99%         4
 Agony                    Necr           0%         N/A       100%        5
 Excruciating Wounds      Necr           0%         N/A       100%        5
 Ozocubu's Refrigeration  Ice            0%         4d5       100%        7
 Ignition                 Fire           0%         3d3       100%        8


Dungeon Overview and Level Annotations

Branches:
Dungeon (12/15)            Temple (0/1) D:7            Lair (0/6) D:11
    Orc: D:9-12

Altars:
Elyvilon
Fedhas
Gozag
Makhleb
Qazlal
Ru

Shops:
D:6 *(   D:7 *   D:10 (


Innate Abilities, Weirdness & Mutations

You are immune to sickness and miasma.
Your stone body is resilient. (AC +8)
You are immune to poison.
You resist negative energy. (rN+)
You are resistant to electric shocks. (rElec)
You are resistant to unholy torment.
You are immune to petrification.
You have a pair of small antennae on your head.
Armour fits poorly on your strangely shaped body.
Your spells are a little harder to cast, but a little more powerful.


Message History

The skeletal warrior closely misses you.
You barely miss the skeletal warrior.
The skeletal warrior is moderately damaged.
You block the skeletal warrior's attack.
You bludgeon the skeletal warrior!!
The skeletal warrior is heavily damaged.
The skeletal warrior hits you with a +0 battleaxe!!
You hit the skeletal warrior.
The skeletal warrior is heavily damaged.
The skeletal warrior hits you with a +0 battleaxe!
You hit the skeletal warrior.
The skeletal warrior is heavily damaged.
You block the skeletal warrior's attack.
You closely miss the skeletal warrior.
The skeletal warrior is heavily damaged.
You block the skeletal warrior's attack.
You closely miss the skeletal warrior.
The skeletal warrior is heavily damaged.
You sock the skeletal warrior!
The skeletal warrior is severely damaged.
You block the skeletal warrior's attack.
You sock the skeletal warrior!
The skeletal warrior is almost destroyed.
The skeletal warrior barely misses you.
You hit the skeletal warrior but do no damage.
The skeletal warrior is almost destroyed.
The skeletal warrior closely misses you.
You closely miss the skeletal warrior.
The skeletal warrior is almost destroyed.
The skeletal warrior hits you with a +0 battleaxe!
You hit the skeletal warrior but do no damage.
The skeletal warrior is almost destroyed.
The skeletal warrior hits you with a +0 battleaxe!
* * * LOW HITPOINT WARNING * * *
You hit the skeletal warrior but do no damage.
The skeletal warrior is almost destroyed.
You hit the skeletal warrior.
The skeletal warrior is almost destroyed.
The skeletal warrior hits you with a +0 battleaxe!!
You die...

..(..†'....'....)#
#######....#####>#
#....# #.# ###
#....# #.# ..#
#....# #.# #.###
#....# #.# #...#
###### #.# ###.#
#.# ### #.#.# #@#
#.# #.#.# #z# #.#
#.#.# ##########.#
#.# #.#.#
#..........# #.#
#.#.# #..........#
#.# #.#.#
#.........## #.#
#.#.# #.........#
#.# #.#.#
#.........# #.#
#.#.# #.........#
#.#


You could see a skeletal warrior.

Vanquished Creatures
  A centaur warrior (D:12)
  2 two-headed ogres
  2 skeletal warriors (D:12)
  A harpy (D:12)
  A deep elf pyromancer (D:12)
  2 manticores (D:11)
  An ugly thing (D:12)
  An orc sorcerer (D:12)
  A cyclops (D:11)
  An elephant (D:11)
  A gargoyle (D:11)
  2 kobold demonologists
  3 unseen horrors
  2 trolls
  2 hornets
  9 slime creatures
  3 wyverns
  13 yaks
  A basilisk (D:11)
  A vampire (D:12)
  A wraith (D:12)
  2 steam dragons (D:9)
  3 vampire mosquitoes
  Menkaure (D:7)
  2 acid dragons (D:12)
  A water moccasin (D:7)
  2 ice beasts (D:7)
  A sky beast (D:5)
  4 orc warriors
  A black bear (D:11)
  3 necrophages
  3 ogres (D:6)
  A centaur (shapeshifter) (D:12)
  4 centaurs
  A phantom (D:6)
  3 kobold brigands
  3 bullfrogs
  A scorpion (D:6)
  6 killer bees (D:9)
  4 howler monkeys
  2 hounds
  3 jellies
  2 orc priests
  2 centaur zombies (D:9)
  2 gnoll shamans
  Natasha (thrice) (D:3)
  3 orc wizards
  An iguana (D:5)
  A howler monkey zombie (D:5)
  10 gnolls
  6 adders
  2 ufetubi
  3 dart slugs
  17 orcs
  5 ball pythons
  4 endoplasms
  3 giant cockroaches
  5 goblins
  8 hobgoblins
  4 jackals (D:4)
  18 kobolds
  A quokka (D:1)
  6 bats
  2 frilled lizards
  7 rats
217 creatures vanquished.

Vanquished Creatures (collateral kills)
  A skeletal warrior (D:12)
  2 yaks
  A water moccasin (D:9)
  An orc warrior (D:8)
  A kobold brigand (D:9)
  2 orc priests
  6 kobolds
14 creatures vanquished.

Vanquished Creatures (others)
  A yak (D:9)
  2 plants (D:11)
3 creatures vanquished.

Grand Total: 234 creatures vanquished

Notes
Turn   | Place    | Note
-------+----------+-------------------------------------------
     0 | D:1      | jlumianski the Gargoyle Monk began the quest for the Orb.
     0 | D:1      | Reached XP level 1. HP: 14/14 MP: 1/1
     2 | D:1      | Noticed a merfolk
     2 | D:1      | Noticed a demigod
     4 | D:1      | Noticed a vampire
     4 | D:1      | Noticed a spriggan
     6 | D:1      | Noticed a draconian
     8 | D:1      | Noticed a troll
     8 | D:1      | Noticed an elf
    12 | D:1      | Noticed a gargoyle
    12 | D:1      | Noticed a formicid
    14 | D:1      | Noticed a ghoul
    14 | D:1      | Noticed a naga
    16 | D:1      | Noticed an ogre
    16 | D:1      | Noticed a tengu
    20 | D:1      | Noticed a human
    20 | D:1      | Noticed a minotaur
    22 | D:1      | Noticed a felid
    22 | D:1      | Noticed an octopode
    24 | D:1      | Noticed a dwarf
    24 | D:1      | Noticed a vine stalker
    26 | D:1      | Noticed a demonspawn
   252 | D:1      | Reached XP level 2. HP: 19/19 MP: 2/2
   895 | D:1      | Reached XP level 3. HP: 20/24 MP: 3/3
  1297 | D:2      | Found a faded altar of an unknown god.
  2074 | D:3      | Reached XP level 4. HP: 18/29 MP: 4/4
  2178 | D:3      | Reached skill level 1 in Long Blades
  2260 | D:3      | Noticed Natasha
  2269 | D:3      | HP: 1/29 [Natasha/magic dart (8)]
  2272 | D:3      | Killed Natasha
  2656 | D:3      | Noticed Natasha
  2666 | D:3      | Killed Natasha
  2695 | D:3      | Noticed Natasha
  2700 | D:3      | Killed Natasha
  2701 | D:3      | Reached skill level 1 in Armour
  2701 | D:3      | Reached XP level 5. HP: 19/33 MP: 5/5
  3049 | D:4      | Found a sacrificial altar of Ru.
  3227 | D:4      | Reached XP level 6. HP: 20/38 MP: 6/6
  3463 | D:4      | Identified the +11 flail "Cisockit" {drain, Dex+2}
  3477 | D:4      | Found a burning altar of Makhleb.
  3477 | D:4      | Noticed a balrug
  3481 | D:4      | Noticed a hellwing
  3481 | D:4      | Noticed a hellwing
  3483 | D:4      | Became a worshipper of Makhleb the Destroyer
  3483 | D:4      | Reached * piety under Makhleb
  3483 | D:4      | Reached ** piety under Makhleb
  3619 | D:4      | Found an opulent altar of Gozag.
  4021 | D:5      | Entered Level 5 of the Dungeon
  4060 | D:5      | Noticed a sky beast
  4066 | D:5      | Killed a sky beast
  4067 | D:5      | Reached skill level 1 in Shields
  4168 | D:5      | Reached skill level 1 in Invocations
  4263 | D:5      | Noticed a wyvern
  4270 | D:5      | Killed a wyvern
  4271 | D:5      | Reached XP level 7. HP: 29/43 MP: 6/8
  4418 | D:5      | Found a stormy altar of Qazlal.
  4774 | D:5      | Reached skill level 1 in Maces & Flails
  4816 | D:6      | Reached skill level 2 in Maces & Flails
  4930 | D:6      | Reached XP level 8. HP: 48/48 MP: 8/10
  4966 | D:6      | Reached skill level 3 in Maces & Flails
  5018 | D:5      | Identified a scroll of acquirement
  5018 | D:5      | Acquired a +1 buckler of protection
  5184 | D:6      | Found Vacostro's Antique Weapon Emporium.
  5237 | D:6      | Reached skill level 4 in Maces & Flails
  5248 | D:6      | Found Imolown's Assorted Antiques.
  5274 | D:6      | Reached skill level 5 in Fighting
  5755 | D:7      | Found Koqovo Poatt's Assorted Antiques.
  5846 | D:7      | Reached XP level 9. HP: 54/54 MP: 12/12
  5973 | D:7      | Noticed Menkaure
  5978 | D:7      | Killed Menkaure
  5979 | D:7      | Reached skill level 5 in Maces & Flails
  5979 | D:7      | Reached skill level 5 in Invocations
  6018 | D:7      | Reached *** piety under Makhleb
  6033 | D:7      | Found a staircase to the Ecumenical Temple.
  6453 | D:6      | Bought an encrusted chain mail for 285 gold pieces
  6453 | D:6      | Identified the +3 chain mail "Weyj" {rC- rCorr SInv} (You
                  | bought it in a shop on level 6 of the Dungeon)
  6544 | D:8      | Found a blossoming altar of Fedhas.
  6569 | D:8      | Reached skill level 6 in Maces & Flails
  6947 | D:8      | Found a white marble altar of Elyvilon.
  7374 | D:9      | Noticed a kobold demonologist
  7386 | D:9      | Killed a kobold demonologist
  7387 | D:9      | Reached skill level 5 in Armour
  7389 | D:9      | Reached skill level 7 in Maces & Flails
  7389 | D:9      | Reached XP level 10. HP: 52/60 MP: 14/14
  7752 | D:6      | Bought a blackened granite ring for 150 gold pieces
  8057 | D:9      | Reached skill level 5 in Shields
  8262 | D:9      | Reached **** piety under Makhleb
  8592 | D:9      | Gained mutation: You have a pair of small antennae on your
                  | head. [potion of mutation]
  8592 | D:9      | Gained mutation: Your spells are a little harder to cast,
                  | but a little more powerful. [potion of mutation]
  8670 | D:10     | Entered Level 10 of the Dungeon
  8715 | D:10     | Reached skill level 8 in Maces & Flails
  8902 | D:10     | Found Tasung's Antique Weapon Shop.
  9056 | D:10     | Noticed a two-headed ogre
  9070 | D:10     | Killed a two-headed ogre
  9071 | D:10     | Reached skill level 9 in Maces & Flails
  9071 | D:10     | Reached XP level 11. HP: 34/66 MP: 16/16
  9707 | D:11     | Noticed a manticore
  9717 | D:11     | Killed a manticore
 10176 | D:11     | Noticed a two-headed ogre
 10191 | D:11     | Noticed a manticore
 10192 | D:11     | Killed a two-headed ogre
 10193 | D:11     | Reached skill level 5 in Dodging
 10200 | D:11     | Killed a manticore
 10229 | D:11     | Found a staircase to the Lair.
 10237 | D:11     | Reached skill level 10 in Maces & Flails
 10433 | D:11     | Noticed a cyclops
 10441 | D:11     | Killed a cyclops
 10564 | D:12     | Identified the +3 leather armour "Anaan" {+Blink rPois rF+}
 10576 | D:12     | Noticed an orc sorcerer
 10578 | D:12     | Identified the ring of Biacseja {rPois rC+}
 10578 | D:12     | Noticed a deep elf pyromancer
 10583 | D:12     | Noticed a soul eater
 10585 | D:12     | Gained mutation: Armour fits poorly on your strangely
                  | shaped body. [a neqoxec]
 10590 | D:12     | Killed an orc sorcerer
 10595 | D:12     | Killed a deep elf pyromancer
 10785 | D:12     | Reached XP level 12. HP: 55/73 MP: 18/18
 11443 | D:11     | Reached skill level 11 in Maces & Flails
 11687 | D:12     | Noticed a death knight
 11851 | D:12     | Noticed a centaur warrior
 11863 | D:12     | Killed a centaur warrior
 12128 | D:11     | Mangled by a skeletal warrior

Illustrated notes

Levels and vault maps discovered:
D:1:      kb_arrival_jail, layout_loops_ring
D:2:      layout_basic, shapermc_ecumenical_altar_starsandcircs
D:3:      layout_loops_ring, uniq_natasha
D:4:      nicolae_cairo_tiling_very_big, layout_loops_ring,
          nicolae_ru_sacrificial_ziggurat, makhleb_altar_promises_db,
          nicolae_gozag_cash_rules_everything_around_me
D:5:      layout_loops_cross, nicolae_qazlal_scattered_showers
D:6:      layout_cave_pools, serial_glass, glass_columns_c, glass_columns_a,
          serial_shops, shop, nicolae_take_the_stairs, corexii_shack,
          chequers_serial_rivers_micro_e
D:7:      layout_basic, minmay_temple_entry_nine_rooms, serial_shops,
          nicolae_shop_window_shopping, uniq_menkaure
D:8:      layout_cave_pools, elyvilon_altar_1, fedhas_altar_2,
          chequers_serial_rivers_large_b
D:9:      layout_cave_pools, minmay_misc_feat_doors,
          hangedman_decor_clover_reticule, kennysheep_generic_room_11
D:10:     layout_basic, serial_shops, kennysheep_little_box
D:11:     layout_basic, david_lair_generic
D:12:     minmay_the_grid_4x2 [minmay_the_grid_expand, minmay_the_grid_rooms,
          minmay_the_grid_square_x, minmay_the_grid_outer_circle,
          minmay_the_grid_tree, minmay_the_grid_spikes,
          minmay_the_grid_tri_star, minmay_the_grid_prize_big_room],
          layout_basic, hangedman_glass_teeth

Skill      XL: |  1  2  3  4  5  6  7  8  9 10 11 12 |
---------------+-------------------------------------+-----
Axes           | 3 |  3.2
Long Blades    | 1 2 3 |  3.5
Dodging        | 3 4 5 |  5.7
Stealth        | 3 |  3.9
Armour         | 1 2 3 4 5 6 |  6.8
Shields        | 1 2 4 6 7 |  7.7
Fighting       | 4 5 6 7 8 |  8.7
Invocations    | 1 2 4 6 7 9 |  9.8
Maces & Flails | 2 4 7 9 10 11 | 11.3

Action                   |  1- 3 |  4- 6 |  7- 9 | 10-12 || total
-------------------------+-------+-------+-------+-------++-------
Melee: Hand axe          |    56 |       |       |       ||    56
       Long sword        |    73 |    91 |       |       ||   164
       Flail             |       |    14 |   174 |   410 ||   598
Throw: Dart              |       |     2 |       |     1 ||     3
Invok: Lesser Servant of |       |       |     3 |     3 ||     6
  Use: Potion            |       |     1 |       |     5 ||     6
       Scroll            |       |       |    11 |     3 ||    14
 Stab: Sleeping          |     5 |       |       |       ||     5
       Distracted        |     1 |       |       |       ||     1
Armor: Robe              |    17 |       |       |       ||    17
       Leather armour    |    27 |     5 |       |       ||    32
       Plate armour      |       |    69 |       |       ||    69
       Quicksilver drago |       |       |    89 |   174 ||   263
Dodge: Dodged            |    98 |    47 |   102 |   164 ||   411
Block: Other             |       |    25 |    24 |       ||    49
       Buckler           |       |       |    77 |   219 ||   296
       Reflection        |       |       |     6 |     5 ||    11

Table legend: (Time is in decaauts)
 A = Elapsed time spent in this place.
 B = Non-inter-level travel time spent in this place.
 C = Inter-level travel time spent in this place.
 D = Time resting spent in this place.
 E = Time spent auto-exploring this place.
 F = Levels seen in this place.
 G = Mean time per level.
                   A        B        C        D        E       F      G
               +--------+--------+--------+--------+--------+-----+--------+
         Total |  12264 |  12031 |    233 |   1154 |   6800 |  12 | 1022.0 |
       Dungeon |  12264 |  12031 |    233 |   1154 |   6800 |  12 | 1022.0 |
               +--------+--------+--------+--------+--------+-----+--------+

Top non-repeatable levels by time:
    D:11: 1299 daAuts
     D:1: 1246 daAuts
    D:12: 1157 daAuts
     D:7: 1036 daAuts
     D:4: 1015 daAuts
     D:9: 977 daAuts
    D:10: 976 daAuts
     D:8: 958 daAuts
     D:3: 952 daAuts
     D:5: 920 daAuts
     D:2: 889 daAuts
     D:6: 834 daAuts
